← All builds
Suicide front / Armada / Factory first / OBSERVED BUILD

Standard suicide front

Armada Suicide front build order · Supreme Isthmus

The role's baseline: Bot Lab at 0:21 then straight into reclaim-fed T1 bot production to contest the middle and hold until T2 arrives, with an Advanced Metal Extractor around 9:45.

#rush · 2020 distinct matches · 232 players · 71% of Armada Suicide front games · team won 59% of 2395 · Recently observed

HOW TO PLAY IT

Key timing: Bot Lab by 0:20

  1. Open with mex and lab-first to get Bot Lab up by 0:20.
  2. Expand mex and wind while lab pumps units toward middle.
  3. Push Sentry and early Rocketeer, Centurion to contest middle.
  4. Get T2 constructor out once Pond's boost lets you spare metal.
  5. Upgrade mex to Advanced Metal Extractor as you transition off T1 spam.

Phase by phase

TYPICAL OF ITS 2020 GAMES
  1. 1
  2. 2
  3. 3
PLAY THE OPENING

Follow the example game's first 6:00 step by step: what to build now, what comes next, and where it goes. At 1× it keeps pace with your own game.

  1. 1

    Bot Lab first

    Order
    1. Bot LabBot Lab done ~0:21, middle half 0:20–0:33

    Some games also: mex (44%)

  2. 2

    Bot Lab to 5:00

    Economy
    • Metal Extractor5Mex
    • Wind Turbine4Wind
    Builders
    • Construction Bot3 Con bot
    • Lazarus2 Lazarus
    Army
    • Sentry4 Sentry
    • Rocketeer16 Rocketeer
    • Tick2 Tick
    • Centurion1 Centurion
    Other
    • Radar Tower1 Radar Tower

    Some games also: pawn (37%) · con turret (34%)

    By 5:00 in all: 5 mex · 4 wind

    The example game in this phase · 24 steps
    1. CenturionCenturion
    2. LazarusLazarus
    3. Construction BotCon bot
    4. CenturionCenturion
    5. LazarusLazarus
    6. Mex
    7. Construction BotCon bot
    8. Mex
    9. Construction BotCon bot
    10. CenturionCenturion ×2
    11. Mex
    12. SentrySentry ×2
    13. Construction BotCon bot
    14. RocketeerRocketeer
    15. Mex
    16. RocketeerRocketeer ×3
    17. SentrySentry
    18. RocketeerRocketeer
    19. SentrySentry
    20. CenturionCenturion
    21. RocketeerRocketeer ×5
    22. Energy storage
    23. CenturionCenturion
    24. SentrySentry
  3. 3

    5:00 to 10:00

    Economy
    • Metal Extractor1Mex
    • Wind Turbine15Wind
    Builders
    • Construction Turret2 Con turret
    • Lazarus2 Lazarus
    • Construction Bot1 Con bot
    Army
    • Sentry1 Sentry
    • Rocketeer8 Rocketeer

    Some games also: pawn (49%) · Radar Tower (46%) · tick (45%) · centurion (44%) · energy storage (43%) · eat Bot Lab (31%)

    By 10:00 in all: 6 mex · 21 wind · 1 energy storage · 2 con turret

    The example game in this phase · 106 steps
    1. RocketeerRocketeer
    2. Wind
    3. RocketeerRocketeer
    4. Wind ×2
    5. RocketeerRocketeer
    6. Wind
    7. RocketeerRocketeer
    8. Wind
    9. RocketeerRocketeer
    10. CenturionCenturion
    11. PawnPawn ×2
    12. TickTick
    13. PawnPawn
    14. TickTick
    15. PawnPawn
    16. TickTick
    17. PawnPawn
    18. TickTick
    19. PawnPawn
    20. TickTick
    21. PawnPawn
    22. TickTick
    23. PawnPawn
    24. TickTick
    25. Mex
    26. PawnPawn
    27. TickTick
    28. PawnPawn
    29. Con turret
    30. TickTick
    31. PawnPawn
    32. TickTick
    33. PawnPawn
    34. Wind
    35. TickTick
    36. Wind
    37. PawnPawn
    38. Wind
    39. TickTick
    40. Wind
    41. PawnPawn
    42. Wind
    43. LazarusLazarus
    44. Mex
    45. Wind
    46. TickTick
    47. Wind
    48. LazarusLazarus
    49. Wind
    50. PawnPawn
    51. Wind
    52. TickTick
    53. Radar TowerRadar Tower
    54. PawnPawn
    55. Wind
    56. TickTick
    57. Wind
    58. PawnPawn
    59. Mex
    60. Wind
    61. TickTick
    62. PawnPawn
    63. TickTick
    64. Metal storage
    65. PawnPawn
    66. SentrySentry
    67. TickTick
    68. PawnPawn
    69. TickTick
    70. Con turret
    71. PawnPawn
    72. TickTick
    73. SentrySentry
    74. PawnPawn
    75. TickTick
    76. PawnPawn
    77. TickTick
    78. PawnPawn
    79. Advanced Metal ExtractorT2 mexdone 11:42 · typical 9:46
    80. TickTick
    81. PawnPawn
    82. TickTick
    83. PawnPawn
    84. BeamerBeamer
    85. TickTick
    86. PawnPawn
    87. BeamerBeamer
    88. TickTick
    89. PawnPawn
    90. TickTick
    91. PawnPawn
    92. TickTick
    93. PawnPawn
    94. Pit BullPit Bull
    95. TickTick
    96. Mex
    97. PawnPawn
    98. Advanced Metal ExtractorT2 mex
    99. TickTick
    100. BeamerBeamer
    101. PawnPawn
    102. TickTick ×3
    103. Advanced Metal ExtractorT2 mex
    104. TickTick ×8
    105. Sneaky PeteSneaky Pete
    106. TickTick

Counts are medians over the build's games: half of them build more, half fewer. The example game is OsamaBinClappin's (32 OS, 08/09/2026); pick another.

Team trades

IN AT LEAST 30% OF ITS GAMES

You hand over

Nothing regular.

You get

  • Tidal Generator4 Tidal from Pondfirst at 0:11 · in 68% of games
  • Advanced Construction Bot1 T2 con bot from Geo or Techfirst at 7:41 · in 57% of games

How it plays out

Typical game of this build, running totals by minute

Metal produced

010k20k
0:005:0010:0015:00

metal

Enemy metal destroyed

05k10k
0:005:0010:0015:00

metal

Own metal lost

05k10k
0:005:0010:0015:00

metal

2395 games.

Show as table
ByMetal produced: This buildEnemy metal destroyed: This buildOwn metal lost: This build
1:0023000
2:0088600
3:002007184130
4:003108643501
5:0041841352998
6:00534921831707
7:00654430512590
8:00776039353502
9:00903546904383
10:001041253145163
11:001188958585965
12:001358364066686
13:001540468757453
14:001729875038214
15:001929281099007
WHAT THE NUMBERS SAY

Standard Suicide front play wins a bit over half its games while taking the heaviest own losses of any role by 15:00.

  • + Produces 20142 metal by 15:00, highest of the front roles.
  • + First kill by 2:01 in all games, fastest contest of middle.
  • − Own metal lost hits 9178 by 15:00, more than enemy metal destroyed.
  • − Only 34% Rocketeer share shows army spread thin across many bot types.
THE EXAMPLE YOU ARE READING

OsamaBinClappin

32.3 OS · 08/09/2026

Open source match ↗

5 received units · includes a constructor
1002 metal received · 33296 energy received

Allied construction assistance is unknown. Timings are observations, not a promise of solo reproducibility.

Typical milestones

Bot Lab0:21Middle 50%: 0:20–0:33 · n=2387
Advanced Metal Extractor9:46Middle 50%: 8:50–10:58 · n=1732

Played most by

_X_262games of this buildPlatinumBlonde188games of this buildXad165games of this buildTrapCaT109games of this buildImmort80games of this build